 Dungeon Crawl Stone Soup version 0.31-a0-819-gf6de2f5ab6 (webtiles) character file.

Game seed: 255949244294483190

41 Kurtz the Chopper (level 3, -4/26 HPs)
             Began as an Octopode Fighter on Sept 25, 2023.
             Slain by a goblin
             ... wielding a +0 dagger
             ... led by Robin
              (6 damage)
             ... on level 2 of the Dungeon.
             The game lasted 00:00:31 (868 turns).

Kurtz the Chopper (Octopode Fighter)                 Turns: 868, Time: 00:00:32

Health: -4/26      AC:  1    Str: 15    XL:     3   Next: 52%
Magic:  3/3        EV: 13    Int: 10    God:
Gold:   41         SH:  4    Dex: 13    Spells: 2/2 levels left

rFire   . . .        a - +0 war axe
rCold   . . .        b - +0 buckler
rNeg    . . .        (helmet restricted)
rPois   .            (no amulet)
rElec   .            (no ring)
rCorr   .            (no ring)
SInv    .            (no ring)
Will    .....        (no ring)
Stlth   ++           (no ring)
HPRegen 0.24/turn    (no ring)
MPRegen 0.08/turn    (no ring)
                     (no ring)

%: no passive effects
@: no status effects
A: almost no armour, amphibious, 8 rings, camouflage 1, gelatinous body 1,
(nimble swimmer 1), tentacles
a: no special abilities


You were on level 2 of the Dungeon.
You visited 1 branch of the dungeon, and saw 2 of its levels.

You collected 41 gold pieces.

Inventory:

Hand Weapons
 a - a +0 war axe (weapon)
Armour
 b - a +0 buckler (worn)
Scrolls
 h - a scroll of noise {unknown}
 i - a scroll of revelation {unknown}
 j - a scroll of amnesia {unknown}
 k - a scroll of identify {unknown}
Potions
 c - 4 potions of might
 d - a potion of curing {unknown}
 e - a potion of mutation {unknown}
 f - 3 potions of heal wounds {unknown}
 g - a potion of enlightenment {unknown}
 l - a potion of degeneration {unknown}


   Skills:
 - Level 3.0 Fighting
 * Level 3.8 Axes
 - Level 3.0 Dodging
 - Level 3.0 Shields


You had 2 spell levels left.
You didn't know any spells.
Your spell library was empty.

Dungeon Overview and Level Annotations

Branches:
Dungeon (2/15)

Altars:

Shops:
D:1 (

Annotations:
D:2 Robin


Innate Abilities, Weirdness & Mutations

You cannot wear most types of armour.
You are amphibious.
You can wear up to eight rings at the same time.
Your skin changes colour to match your surroundings (Stealth+).
Your rubbery body absorbs attacks. (AC +1, EV +1)
((You are camouflaged when in or above water. (Stealth+)))
You have tentacles for arms and can constrict up to eight enemies at once.


Message History

You hit the goblin. Your grab misses the goblin. You squeeze the goblin.
You kill the goblin!
You barely miss the goblin. The goblin closely misses you.
You block the goblin's attack. You block Robin's attack.
Your life force feels restored.
There are monsters nearby!
You slash the goblin!
You kill the goblin!
Robin closely misses you.
Unknown command. 2 goblins come into view.
Robin roars a battlecry!
The goblins go into a battle-frenzy!
You hear a shout!
Things that are here:
a +0 club; a +0 dagger; a +0 club You hit Robin.
You grab Robin. You squeeze Robin.
Robin is heavily wounded.
You constrict Robin.
Robin hits you with a +4 spear of freezing.
Robin freezes you.
You are too injured to fight recklessly!
Unknown command.
You are too injured to fight recklessly!
You release your grip on Robin.
Robin hits you from afar with a +4 spear of freezing.
* * * LOW HITPOINT WARNING * * *
Robin freezes you.
* * * LOW HITPOINT WARNING * * *
A goblin comes into view. It is wielding a +0 dagger.
You see here 9 gold pieces.
Unknown command.
Unknown command.
An adder comes into view.
The adder moves out of view.
Robin throws the goblin at you!
* * * LOW HITPOINT WARNING * * *
You block the goblin's attack. The goblin hits you with a +0 dagger.
You die...

#..[.####......
#......##.#..#
#..##..##.#..#
#####...#....#
#......#.## ...
####......#....
#......#...
#.#.##.#..#
####.#...@#..#
.........g.#..##
#.#####.#......###
#.#........#
#...g......##
#...g##..g....##
#.#.. ##g)......
.. ###.#).....?..
##.g.ggg.........


You could see Robin and 4 goblins.

Vanquished Creatures
  2 dart slugs (D:1)
  3 endoplasms (D:1)
  2 giant cockroaches (D:1)
  9 goblins
  3 hobgoblins (D:1)
  2 jackals (D:1)
  3 quokkas (D:1)
  3 ball pythons (D:1)
  A bat (D:1)
  A kobold (D:1)
  3 rats (D:1)
32 creatures vanquished.

Notes
Turn   | Place    | Note
-------+----------+-------------------------------------------
     0 | D:1      | Kurtz the Octopode Fighter began the quest for the Orb.
     0 | D:1      | Reached XP level 1. HP: 16/16 MP: 1/1
    73 | D:1      | Reached XP level 2. HP: 21/21 MP: 2/2
    81 | D:1      | Found Fouk's Antique Weapon Boutique.
   445 | D:1      | Reached XP level 3. HP: 26/26 MP: 3/3
   854 | D:2      | Noticed Robin
   862 | D:2      | HP: 1/26 [Robin/+4 spear of freezing (3)]
   868 | D:2      | Slain by a goblin

Illustrated notes

Levels and vault maps discovered:
D:1:      minmay_arrival_pointy, layout_basic, serial_shops, shop
D:2:      cheibrodos_greedy_goblins, layout_rooms, kennysheep_nondescript,
          minmay_tetromino_s4, uniq_crazy_yiuf_cottage, uniq_robin

Skill      XL: |  1  2 |
---------------+-------+-----
Axes           | 3 |  3.8
Fighting       | |  3.0
Dodging        | |  3.0
Shields        | |  3.0

Action                     || total
---------------------------++-------
  Melee: War axe           ||    42
         Constrict         ||    13
         Punch             ||     1
         Tentacles         ||     6
   Stab: Sleeping          ||     6
 Armour: Skin              ||    17
  Dodge: Dodged            ||    29
  Block: Buckler           ||     7

Table legend: (Time is in decaauts)
 A = Elapsed time spent in this place.
 B = Non-inter-level travel time spent in this place.
 C = Inter-level travel time spent in this place.
 D = Time resting spent in this place.
 E = Time spent auto-exploring this place.
 F = Levels seen in this place.
 G = Mean time per level.
                   A        B        C        D        E       F      G
               +--------+--------+--------+--------+--------+-----+--------+
         Total |    883 |    855 |     28 |      0 |    697 |   2 |  441.5 |
       Dungeon |    883 |    855 |     28 |      0 |    697 |   2 |  441.5 |
               +--------+--------+--------+--------+--------+-----+--------+

Top non-repeatable levels by time:
     D:1: 842 daAuts
     D:2: 40 daAuts
